 Dungeon Crawl Stone Soup version 0.31-a0-473-g61b50ae490 (webtiles) character file.

Game seed: 12889773810765432773

4110 CraigForest the Cleaver (level 10, -4/54 HPs)
             Began as a Gargoyle Fighter on Aug 6, 2023.
             Was a Believer of Hepliaklqana.
             Slain by a two-headed ogre
             ... wielding a +0 giant club
              (25 damage)
             ... on level 8 of the Dungeon.
             The game lasted 00:28:05 (5914 turns).

CraigForest the Cleaver (Gargoyle Fighter)          Turns: 5914, Time: 00:28:06

Health: -4/54      AC: 22    Str: 24    XL:     10   Next: 26%
Magic:  10/10      EV: 10    Int: 15    God:    Hepliaklqana [**....]
Gold:   254        SH:  0    Dex:  9    Spells: 8/9 levels left

rFire   . . .        P - +2 battleaxe (heavy)
rCold   . . .        (shield currently unavailable)
rNeg    + . .        A - +5 scale mail "Wacsich" {Rampage}
rPois   ∞            k - +0 helmet
rElec   +            (no cloak)
rCorr   .            E - +0 pair of gloves
SInv    .            (no boots)
Will    .....        R - amulet of regeneration
Stlth   +            y - ring of flight
HPRegen 1.09/turn    K - +6 ring of intelligence
MPRegen 0.12/turn

%: rampage
@: flying
A: reduced essence, sickness immunity, AC +7, negative energy resistance 1,
electricity resistance, torment resistance 1, petrification resistance
a: Renounce Religion, Recall Ancestor, Ancestor Identity


You were on level 8 of the Dungeon.
You worshipped Hepliaklqana.
Hepliaklqana was pleased with you.
You visited 2 branches of the dungeon, and saw 9 of its levels.
You also visited: Ossuary.

You collected 254 gold pieces.

Inventory:

Hand Weapons
 a - a +0 spectral war axe
 P - a +2 heavy battleaxe (weapon)
 Q - a +2 halberd
Missiles
 r - 15 boomerangs
 u - 21 poisoned darts
Armour
 b - a +0 scale mail
 c - a +0 buckler
 k - a +0 helmet (worn)
 z - +1 swamp dragon scales
 A - the +5 scale mail "Wacsich" (worn) {Rampage}
   (You found it on level 3 of the Dungeon)

   Rampage:   It bestows one free step when moving towards enemies.
 E - a +0 pair of gloves (worn)
 O - +0 steam dragon scales
Jewellery
 t - an amulet of guardian spirit
 y - a ring of flight (left hand)
 F - an amulet of the acrobat
 I - an amulet of faith
 K - a +6 ring of intelligence (right hand)
 R - an amulet of regeneration (around neck)
Talismans
 e - a beast talisman
 H - a maw talisman
Wands
 v - a wand of roots (20)
Scrolls
 g - a scroll of fear {unknown}
 h - 3 scrolls of fog
 i - 3 scrolls of immolation
 j - a scroll of butterflies {unknown}
 l - 2 scrolls of brand weapon
 m - 2 scrolls of amnesia {unknown}
 o - 2 scrolls of silence
 q - a scroll of enchant armour
 s - a scroll of identify
 x - a scroll of teleportation
 C - a scroll of acquirement {unknown}
 L - 2 scrolls of vulnerability
 N - a scroll of poison
Potions
 d - 2 potions of might
 f - 3 potions of heal wounds
 n - a potion of berserk rage
 p - a potion of haste
 w - 2 potions of curing
 B - a potion of invisibility
 D - a potion of ambrosia
 G - 2 potions of attraction
 J - a potion of magic
 M - 2 potions of resistance


   Skills:
 + Level 6.9 Fighting
 + Level 9.6 Axes
 + Level 7.6 Armour
 + Level 2.5 Dodging
 + Level 3.2 Stealth
 + Level 5.4 Shields


You had 8 spell levels left.
You knew the following spells:

 Your Spells              Type           Power      Damage    Failure   Level
a - Sandblast             Erth           0%         2d4       52%         1

Your spell library contained the following spells:

 Spells                   Type           Power      Damage    Failure   Level
 Slow                     Hex            0%         N/A       52%         1
 Passwall                 Tmut/Erth      0%         N/A       65%         2
 Confusing Touch          Hex            0%         N/A       87%         3
 Stone Arrow              Conj/Erth      0%         3d7       87%         3
 Vampiric Draining        Necr           0%         2d6       87%         3


Dungeon Overview and Level Annotations

Branches:
Dungeon (8/15)             Temple (1/1) D:7         Ossuary (visited)
   Lair: D:8-11

Altars:
Ashenzari
Cheibriados
Dithmenos
Elyvilon
Gozag
Hepliaklqana
Kikubaaqudgha
Makhleb
Nemelex Xobeh
Okawaru
Ru
Sif Muna
Trog
Uskayaw
Vehumet
Wu Jian
Xom
Yredelemnul
Zin
The Shining One


Innate Abilities, Weirdness & Mutations

Your life essence is reduced to manifest your ancestor. (-10% HP)
You are immune to sickness and miasma.
Your stone body is resilient. (AC +7)
You are immune to poison.
You resist negative energy. (rN+)
You are resistant to electric shocks. (rElec)
You are resistant to unholy torment.
You are immune to petrification.


Message History

You closely miss the wolf.
The wolf is severely wounded.
The wolf bites you but does no damage. The wolf bites you.
Grum hits you from afar with a +0 spear.
Ankherfenedjef points at the wolf and mumbles some strange words.
The puff of frost hits the wolf!
The wolf dies!
Grum hits you from afar with a +0 spear!
You are too injured to fight recklessly!
You are too injured to fight recklessly!
You are too injured to fight recklessly!
You are too injured to fight recklessly!
You are too injured to fight recklessly!
You rampage towards Grum!
You hit Grum but do no damage.
A two-headed ogre comes into view.
It is wielding a +0 giant club and a +0 giant spiked club.
Grum glances around and shouts, "Rex!
Here boy!"
Grum hits you with a +0 spear! Grum hits you but does no damage.
You slice Grum!!
Grum is almost dead.
Grum closely misses you.
Ankherfenedjef closely misses Grum.
Grum hits you with a +0 spear.
You carve Grum like a ham!!!
You kill Grum!
The wolf bites you but does no damage.
Ankherfenedjef hits the wolf with a +0 quarterstaff!
The wolf closely misses you.
Ankherfenedjef casts a spell at the wolf.
The puff of frost hits the wolf.
The wolf bites Ankherfenedjef!
You barely miss the wolf.
The wolf is almost dead.
The wolf bites you.
Ankherfenedjef gestures at the wolf while chanting.
The puff of frost hits the wolf.
The wolf dies!
Ankherfenedjef casts a spell at the two-headed ogre.
The puff of frost hits the two-headed ogre!
You slice the two-headed ogre!!
The two-headed ogre is severely wounded.
The two-headed ogre hits you with a +0 giant club!!
You die...

#.# ... ####.####
....... ..... # ... #
#.##O##.# #..R@...# .
..... #.##.##.#
.###.....####.......#
............#.......#
#.#...#.....####.####
...#.#......# #.#
....#...#...# #.#
....#..#....####.#
....###...#......#


You could see the friendly Ankherfenedjef the battlemage and a two-headed ogre
(ally target).

Vanquished Creatures
  Grinder (D:4)
  Eustachio (D:4)
  A steam dragon (D:6)
  Grum (D:8)
  3 ice beasts
  A sky beast (D:6)
  A black bear (D:5)
  2 ogres (D:4)
  A centaur (D:7)
  2 lemures (D:6)
  2 elf zombies (Ossuary)
  A scorpion (D:4)
  2 bullfrogs (D:7)
  3 wights (D:7)
  2 killer bees
  A centaur zombie (Ossuary)
  3 jellies
  4 hounds
  3 orc priests
  2 human zombies (Ossuary)
  A sleepcap (D:5)
  5 iguanas
  3 orc wizards
  2 mummies (Ossuary)
  4 adders
  A shadow imp (D:6)
  A white imp (D:7)
  An ufetubus (D:5)
  2 adder zombies (Ossuary)
  4 worms
  2 dart slugs (D:2)
  9 orcs
  11 ball pythons
  9 endoplasms
  4 giant cockroaches
  10 goblins
  11 hobgoblins
  5 jackals
  4 quokkas
  4 bats
  6 frilled lizards (D:1)
  7 hobgoblin zombies (Ossuary)
  A jackal zombie (Ossuary)
  12 kobolds
  11 kobold zombies (Ossuary)
  7 orc zombies (Ossuary)
  25 rats
  A rat zombie (Ossuary)
200 creatures vanquished.

Vanquished Creatures (collateral kills)
  A wyvern (D:6)
  A steam dragon (D:7)
  Menkaure (D:7)
  2 wolves (D:8)
  A kobold brigand (D:8)
  2 bullfrogs
  A scorpion (D:7)
  4 killer bees
  A sleepcap (D:6)
  An adder (D:4)
  An adder zombie (Ossuary)
  2 orcs (D:7)
  4 kobolds (D:8)
  A kobold zombie (Ossuary)
23 creatures vanquished.

Vanquished Creatures (others)
  Pikel (D:6)
  A spectral weapon (D:6)
2 creatures vanquished.

Grand Total: 225 creatures vanquished

Notes
Turn   | Place    | Note
-------+----------+-------------------------------------------
     0 | D:1      | CraigForest the Gargoyle Fighter began the quest for the
                  | Orb.
     0 | D:1      | Reached XP level 1. HP: 14/14 MP: 1/1
   110 | D:1      | Reached XP level 2. HP: 13/19 MP: 2/2
   134 | D:1      | Learned a level 1 spell: Sandblast
   298 | D:1      | Reached skill level 2 in Axes
   418 | D:1      | Reached XP level 3. HP: 23/23 MP: 3/3
   977 | D:2      | Reached XP level 4. HP: 25/28 MP: 4/4
  1135 | D:2      | Reached skill level 3 in Axes
  1419 | D:3      | Identified the +5 scale mail "Wacsich" {Rampage}
  1437 | D:3      | Found a sacrificial altar of Ru.
  1449 | D:3      | Reached XP level 5. HP: 30/32 MP: 5/5
  1732 | D:3      | Found a hazy altar of Hepliaklqana.
  1737 | D:3      | Became a worshipper of Hepliaklqana the Forgotten
  1812 | D:3      | Reached XP level 6. HP: 38/38 MP: 6/6
  1837 | D:3      | Reached skill level 4 in Axes
  2102 | D:4      | Found a white marble altar of Elyvilon.
  2343 | D:4      | Noticed Grinder
  2352 | D:4      | Killed Grinder
  2353 | D:4      | Reached skill level 5 in Axes
  2353 | D:4      | Reached XP level 7. HP: 39/44 MP: 7/7
  2414 | D:4      | Reached skill level 1 in Dodging
  2654 | D:4      | Reached * piety under Hepliaklqana
  2694 | D:4      | Reached skill level 6 in Axes
  2694 | D:4      | Noticed Eustachio
  2698 | D:4      | Killed Eustachio
  2699 | D:4      | Reached XP level 8. HP: 43/43 MP: 8/8
  2808 | D:5      | Entered Level 5 of the Dungeon
  3061 | D:5      | Found a sand-covered staircase.
  3068 | Ossuary  | Entered an ossuary
  3168 | Ossuary  | Reached skill level 5 in Fighting
  3168 | Ossuary  | Reached skill level 7 in Axes
  3198 | Ossuary  | Reached skill level 5 in Armour
  3198 | Ossuary  | Reached skill level 1 in Stealth
  3973 | D:6      | Reached skill level 8 in Axes
  4002 | D:6      | Reached XP level 9. HP: 48/48 MP: 9/9
  4232 | D:6      | Reached ** piety under Hepliaklqana
  4282 | D:6      | Noticed Pikel
  4292 | D:6      | Killed Pikel
  4582 | D:6      | Remembered your ancestor Ankherfenedjef as a battlemage
  4653 | D:7      | Noticed Menkaure
  4660 | D:7      | Killed Menkaure
  4775 | D:7      | Found a staircase to the Ecumenical Temple.
  4788 | Temple   | Entered the Ecumenical Temple
  4872 | D:7      | Reached skill level 9 in Axes
  4878 | D:7      | Reached skill level 5 in Shields
  5289 | D:7      | Reached XP level 10. HP: 45/54 MP: 8/10
  5904 | D:8      | Noticed Grum
  5910 | D:8      | Noticed a two-headed ogre
  5912 | D:8      | Killed Grum
  5914 | D:8      | Slain by a two-headed ogre

Illustrated notes

Levels and vault maps discovered:
D:1:      evilmike_arrival_hilbert_curve, layout_loops_ring, serial_glass,
          glass_columns_c, glass_columns_a, dreamdust_mushroom_princess,
          minmay_pentomino_v4
D:2:      layout_rooms, grunt_ministairs_3, minivault_24
D:3:      layout_rooms, worldfamousw_hep_ancestral_shrine,
          nicolae_ru_awakened_eye, serial_bayou_pond_d, minmay_rat_hole
D:4:      layout_loops_ring, nicolae_elyvilon_peaceful_grove, uniq_grinder,
          uniq_eustachio
D:5:      layout_loops_ring, enter_ossuary_1
D:6:      layout_gridville, uniq_pikel
D:7:      layout_loops_corners, minmay_temple_entry_poolview, enter_bailey_4,
          uniq_menkaure
D:8:      layout_loops_cross, grunt_temple_overflow_forces_of_nature,
          minmay_splitting_lines, uniq_erica, uniq_grum
Temple:   minmay_temple_bridge_d

Skill      XL: |  1  2  3  4  5  6  7  8  9 10 |
---------------+-------------------------------+-----
Axes           | 2 3 5 6 8 9 |  9.6
Armour         | 4 5 7 |  7.6
Fighting       | 4 5 6 |  6.9
Shields        | 4 5 |  5.4
Dodging        | 1 2 |  2.5
Stealth        | 1 2 3 |  3.2

Action                     |  1- 3 |  4- 6 |  7- 9 | 10-12 || total
---------------------------+-------+-------+-------+-------++-------
  Melee: War axe           |   130 |   126 |   221 |    16 ||   493
         Battleaxe         |       |       |       |    19 ||    19
 Invoke: Recall Ancestor   |       |       |     1 |       ||     1
         Ancestor Life: Ba |       |       |     1 |       ||     1
    Use: Scroll            |     5 |     3 |     8 |     3 ||    19
   Stab: Distracted        |       |       |     4 |       ||     4
 Armour: Scale mail        |    76 |    20 |   108 |    46 ||   250
         Swamp dragon scal |       |    35 |       |       ||    35
  Dodge: Dodged            |    65 |    54 |    74 |    38 ||   231
  Block: Buckler           |    30 |    15 |    36 |     9 ||    90

Table legend: (Time is in decaauts)
 A = Elapsed time spent in this place.
 B = Non-inter-level travel time spent in this place.
 C = Inter-level travel time spent in this place.
 D = Time resting spent in this place.
 E = Time spent auto-exploring this place.
 F = Levels seen in this place.
 G = Mean time per level.
                   A        B        C        D        E       F      G
               +--------+--------+--------+--------+--------+-----+--------+
         Total |   6063 |   5761 |    302 |    502 |   3225 |  10 |  606.3 |
       Dungeon |   5735 |   5433 |    302 |    502 |   3216 |   8 |  716.9 |
        Temple |     27 |     27 |      0 |      0 |      0 |   1 |   27.0 |
       Ossuary |    300 |    300 |      0 |      0 |      9 |   1 |  300.0 |
               +--------+--------+--------+--------+--------+-----+--------+

Top non-repeatable levels by time:
     D:7: 1140 daAuts
     D:6: 940 daAuts
     D:1: 923 daAuts
     D:4: 807 daAuts
     D:3: 647 daAuts
     D:5: 623 daAuts
     D:2: 535 daAuts
 Ossuary: 300 daAuts
     D:8: 118 daAuts
  Temple: 27 daAuts
